[Event "*** Titled Tuesday Blitz"]
[Site "Chess.com"]
[Date "2021.03.09"]
[Round "5"]
[White "BrandonJacobson"]
[Black "seorobert1971"]
[Result "0-1"]
[WhiteElo "2920"]
[BlackElo "2735"]
[TimeControl "180+1"]
[EndTime "10:58:39 PST"]
[Termination "seorobert1971 won on time"]

1. e4 c5 2. Nf3 Nc6 3. Bb5 e6 4. O-O Nge7 5. d4 cxd4 6. Nxd4 a6 7. Nxc6 Nxc6 8. Bxc6 bxc6 9. c4 d6 10. b3 Be7 11. Nc3 O-O 12. Qd2 f5 13. exf5 Rxf5 14. Bb2 e5 15. Rad1 Be6 16. Ne4 d5 17. Ng3 Rg5 18.
cxd5 cxd5 19. f4 exf4 20. Qxf4 Qd7 21. Kh1 Rf8 22. Qe3 Rxf1+ 23. Rxf1 h6 24. Ne2 Rf5 25. Re1 Bf6 26. Bxf6 Rxf6 27. Nd4 Bf5 28. Qe8+ Qxe8 29. Rxe8+ Kh7 30. Kg1 Be4 31. g3 Kg6 32. b4 Kh5 33. Re6 Rf7 34. Rxa6 Rc7 35. Rc6 Ra7 36. Kf2 Rxa2+ 37.
Ke3 Rxh2 38. b5 Kg4 39. b6 Rb2 40. Ne6 g5 41. Nc5 h5 42. b7 Bh1 43. Kd4 Rb4+ 44.
Kc3 Rxb7 45. Nxb7 d4+ 46. Kxd4 Bxc6 47. Nd8 Kxg3 48. Nxc6 h4 49. Ne7 h3 50. Nf5+ Kf4 0-1

[Event "*** Titled Tuesday Blitz"]
[Site "Chess.com"]
[Date "2021.03.09"]
[Round "5"]
[White "Legendinunknown"]
[Black "XanoushX_X"]
[Result "1-0"]
[WhiteElo "2627"]
[BlackElo "2451"]
[TimeControl "180+1"]
[EndTime "10:58:39 PST"]
[Termination "Legendinunknown won by resignation"]

1. d4 d5 2. c4 c6 3. Nf3 Nf6 4. Nc3 e6 5. Bg5 dxc4 6. e4 b5 7. e5 h6 8. Bh4 g5 9. Nxg5 hxg5 10. Bxg5 Nbd7 11. g3 Bb7 12. Bg2 Qb6 13. exf6 O-O-O 14. O-O b4 15. Ne4 c5 16. Rc1 Bd5 17. Be3 Qc6 18. f3 cxd4 19. Bxd4 Nc5 20. Nxc5 Bxc5 21. Bxc5 Qxc5+ 22. Kh1 Rh6 23. Qe1 Rdh8 24. h4 Rxf6 25.
Qf2 Qxf2 26. Rxf2 Kb7 27. f4 Rc8 28. g4 c3 29. bxc3 Rxc3 30. Rxc3 bxc3 31. g5 c2 32. Rxc2 Rxf4 33. Bxd5+ exd5 34. Kg2 Rg4+ 35. Kh3 Re4 36. Rf2 Re7 37. h5 d4 38. h6 d3 39. Kg4 Re2 40. Rxf7+ Kc6 41. Rf1 d2 42. Rd1 Kc5 43. h7 Rh2 44. g6 Kc4 45. Rxd2 Rxd2 46. h8=Q 1-0

[Event "*** Titled Tuesday Blitz"]
[Site "Chess.com"]
[Date "2021.03.09"]
[Round "5"]
[White "shaheus"]
[Black "MuhittinBuker"]
[Result "1-0"]
[WhiteElo "2405"]
[BlackElo "2157"]
[TimeControl "180+1"]
[EndTime "10:58:39 PST"]
[Termination "shaheus won on time"]

1. e4 e5 2. Nf3 Nc6 3. Bc4 Nf6 4.
Ng5 d5 5. exd5 Na5 6. Bb5+ c6 7.
dxc6 bxc6 8. Bd3 Be7 9. O-O O-O 10. Nc3 h6 11. Nge4 Nd5 12. Re1 f5 13. Ng3 Bd6 14. Bf1 Bc7 15. d3 c5 16. Bd2 Nc6 17. Nxd5 Qxd5 18.
Be2 Rb8 19. Bf3 Qd6 20. b3 Nd4 21. Bc3 Kh7 22. Nf1 Nxf3+ 23. Qxf3 Bb7 24. Qe2 Rbe8 25. f3 Qg6 26. Kh1 e4 27. fxe4 fxe4 28.
d4 e3 29. d5 Rf2 30. Qd3 1-0

[Event "*** Titled Tuesday Blitz"]
[Site "Chess.com"]
[Date "2021.03.09"]
[Round "5"]
[White "dretch"]
[Black "SirStrateg"]
[Result "1-0"]
[WhiteElo "2846"]
[BlackElo "2602"]
[TimeControl "180+1"]
[EndTime "10:58:40 PST"]
[Termination "dretch won by checkmate"]

1. d4 Nf6 2. c4 Nc6 3. Nf3 e6 4. a3 d6 5. Nc3 g6 6. e4 Bg7 7. Be2 O-O 8. O-O Re8 9. d5 exd5 10.
cxd5 Ne7 11. Bg5 h6 12. Bd2 c6 13. dxc6 bxc6 14. Re1 Rb8 15. Qc2 d5 16. Bf4 Ra8 17. Rad1 g5 18. Bc1 Be6 19. Nd4 Qb6 20. Be3 Qb7 21.
Nxe6 fxe6 22. Bc5 a5 23. Bf3 Kf7 24. e5 Nd7 25. Bh5+ Kg8 26. Bxe8 Rxe8 27. Bd6 Nf5 28.
Na4 Nxd6 29. exd6 Qb5 30. b4 axb4 31. axb4 Nf8 32. Nc5 Qxb4 33. d7 Rd8 34. Nxe6 Nxe6 35. Rxe6 Rxd7 36. Re8+ Kf7 37. Rde1 Qf4 38. Qxc6 Qf5 39.
R8e6 Ra7 40. Qe8# 1-0

[Event "*** Titled Tuesday Blitz"]
[Site "Chess.com"]
[Date "2021.03.09"]
[Round "5"]
[White "AldokhinIvan"]
[Black "RobertoJBM"]
[Result "0-1"]
[WhiteElo "2521"]
[BlackElo "2719"]
[TimeControl "180+1"]
[EndTime "10:58:40 PST"]
[Termination "RobertoJBM won on time"]

1. e4 c6 2. Nc3 d5 3. d4 dxe4 4. Nxe4 Nd7 5. Qe2 Ndf6 6. Nf3 Bg4 7. c3 Nxe4 8. Qxe4 Nf6 9. Qe3 Bxf3 10. Qxf3 Qd5 11. Be2 Qxf3 12. Bxf3 e6 13. Bg5 Be7 14. Bxf6 Bxf6 15. O-O-O O-O-O 16. Kc2 h5 17. h3 g6 18. Rhe1 Kc7 19. b4 a5 20. a3 axb4 21. axb4 Ra8 22.
Ra1 Be7 23. Kb3 Bd6 24. c4 Rxa1 25. Rxa1 Rd8 26. Rd1 Be7 27. d5 cxd5 28. cxd5 e5 29. d6+ Bxd6 30. Rc1+ Kb8 31. Bd5 Rd7 32. Rd1 Bc7 33.
Kc4 Bb6 34. f3 Bd4 35. Rd2 b5+ 36. Kxb5 Rxd5+ 37. Kc6 Rd8 38. b5 f5 39. b6 e4 40.
fxe4 fxe4 41. b7 e3 42. Re2 Ba7 43. g4 h4 44. g5 Rd2 45. Re1 e2 46. Rd1 exd1=N 0-1

[Event "*** Titled Tuesday Blitz"]
[Site "Chess.com"]
[Date "2021.03.09"]
[Round "5"]
[White "klimkoj"]
[Black "korkmaz16"]
[Result "1-0"]
[WhiteElo "2614"]
[BlackElo "2438"]
[TimeControl "180+1"]
[EndTime "10:58:40 PST"]
[Termination "klimkoj won by checkmate"]

1. d4 Nf6 2. c4 g6 3. Nc3 d5 4. cxd5 Nxd5 5. Nf3 Bg7 6. g3 O-O 7. Bg2 c5 8. O-O cxd4 9. Nxd4 Nxc3 10. bxc3 a6 11.
Qb3 Qc7 12. Ba3 Re8 13. Rab1 e5 14. Nc2 Nc6 15. Bc5 Na5 16. Qb4 Nc6 17. Qa3 Be6 18. Bd6 Qc8 19. Ne3 Ra7 20. Bc5 Ra8 21. Nd5 Bxd5 22.
Bxd5 Qd7 23. Rfd1 Rad8 24. Qb3 Bf8 25. Be3 Na5 26. Qb6 Qa4 27. Bxf7+ Kxf7 28. Rxd8 Qxa2 29. Rbd1 Re6 30. Qc7+ Be7 31. Qd7 Nc6 32. Qe8+ Kf6 33. Qh8+ Kf5 34. R8d2 Qc4 35. Qxh7 e4 36. Rd5+ Ne5 37.
h3 Kf6 38. Qh8+ Kf5 39. g4# 1-0

[Event "*** Titled Tuesday Blitz"]
[Site "Chess.com"]
[Date "2021.03.09"]
[Round "5"]
[White "GMJustin"]
[Black "SergeyShtyka"]
[Result "0-1"]
[WhiteElo "2262"]
[BlackElo "2437"]
[TimeControl "180+1"]
[EndTime "10:58:40 PST"]
[Termination "SergeyShtyka won on time"]

1. e4 c5 2. d4 cxd4 3. Qxd4 Nc6 4. Qd1 g6 5. c4 Bg7 6. Nf3 d6 7. Be2 Nf6 8. Nc3 O-O 9. O-O Be6 10. Rb1 Rc8 11.
b3 h6 12. Bb2 Kh7 13. Ne1 a6 14. f4 Qb6+ 15. Kh1 Qd4 16. Bd3 Ng4 17. Qe2 Qe3 18. f5 Qxe2 19. Bxe2 Ne3 20. fxe6 Nxf1 21. Bxf1 fxe6 22. Nf3 Nd4 23. Nxd4 Bxd4 24. Na4 Bxb2 25.
Nxb2 Rf2 26. Kg1 Rcf8 27. a4 a5 28. Nd3 Rd2 0-1

[Event "*** Titled Tuesday Blitz"]
[Site "Chess.com"]
[Date "2021.03.09"]
[Round "5"]
[White "IngOscarArdila"]
[Black "Jan1401"]
[Result "0-1"]
[WhiteElo "2254"]
[BlackElo "2422"]
[TimeControl "180+1"]
[EndTime "10:58:40 PST"]
[Termination "Jan1401 won by resignation"]

1. d4 e6 2. c4 Nf6 3. Nc3 Bb4 4.
Bd2 b6 5. Nf3 Bb7 6. e3 Bxc3 7.
Bxc3 Ne4 8. Rc1 O-O 9. Bd3 d6 10. O-O Nxc3 11. Rxc3 f5 12. b4 Nd7 13. c5 Bd5 14. a3 Nf6 15. Bc4 Ne4 16. Rc1 Bxc4 17. Rxc4 b5 18. Rc2 a5 19. cxd6 cxd6 20. Qd3 axb4 21.
axb4 Qb6 22. Qb3 d5 23. Rfc1 Ra6 24. Ne5 Qa7 25. Qd3 Nd6 26. Rc5 Ra1 27. Qf1 Ra8 28. h3 Qa4 29. Rxa1 Qxa1 30. Qxa1 Rxa1+ 31. Kh2 h6 32. Rc6 Ne4 33. f3 Nd2 34. Rxe6 Nf1+ 35. Kg1 Nxe3+ 36. Kf2 Nc2 37. Re8+ Kh7 38. Nc6 Ra6 39.
Rc8 f4 40. Ke2 Rxc6 41. Rd8 Nxd4+ 42. Kd3 Nc2 43. Rxd5 Nxb4+ 44. Ke4 Nxd5 45. Kxd5 Rc2 0-1

[Event "*** Titled Tuesday Blitz"]
[Site "Chess.com"]
[Date "2021.03.09"]
[Round "5"]
[White "ApoIogiA"]
[Black "yonaltimur"]
[Result "1-0"]
[WhiteElo "2194"]
[BlackElo "1809"]
[TimeControl "180+1"]
[EndTime "10:58:40 PST"]
[Termination "ApoIogiA won on time"]

1. d4 d5 2. c4 dxc4 3. Nc3 a6 4. a4 e6 5. e3 c5 6. Bxc4 cxd4 7. exd4 Nf6 8. Nf3 Bd6 9. O-O O-O 10. Bg5 Nbd7 11.
Qe2 h6 12. Bh4 b6 13. Rfe1 Bb7 14. Ne5 Qc7 15. Rac1 Rac8 16. Ba2 Qb8 17. Kh1 Qa8 18. f3 Qb8 19. Bb1 Qa8 20. Qd3 g6 21. Qe3 Kg7 22. Rcd1 Nd5 23. Nxd5 Nxe5 24. dxe5 Bc5 25. Qe4 Bxd5 26.
Qd3 Rfe8 27. Bf6+ Kh7 28. Qd2 a5 29. Re4 Bb4 30. Qe3 Bxe4 31. Qxe4 1-0

[Event "*** Titled Tuesday Blitz"]
[Site "Chess.com"]
[Date "2021.03.09"]
[Round "5"]
[White "SanQui14"]
[Black "maxip32"]
[Result "0-1"]
[WhiteElo "2378"]
[BlackElo "2521"]
[TimeControl "180+1"]
[EndTime "10:58:43 PST"]
[Termination "maxip32 won by resignation"]

1. d4 Nf6 2. c4 g6 3. Nc3 Bg7 4. e4 d6 5. Nf3 O-O 6. Be2 Na6 7.
O-O e5 8. Bg5 h6 9. Bh4 Qe8 10.
dxe5 dxe5 11. Qc2 c6 12. a3 Nh5 13. b4 Nf4 14. Rfd1 Ne6 15. b5 Nac5 16. a4 Nd4 17.
Qb2 f5 18. exf5 gxf5 19. Ne1 e4 20. Rac1 Ncb3 21. Rb1 Nc5 22. Qb4 Nce6 23. c5 Qg6 24. Bc4 Kh8 25. Bxe6 Nxe6 26. Rd6 Qg4 27. Bg3 f4 28. f3 Qg5 29. Bf2 e3 30. Ne4 Qh5 31. Bg3 fxg3 32. Nxg3 Qe5 33. Nd3 Qc3 34. Qe4 Nxc5 35. Nxc5 Qxc5 36. Rg6 e2+ 37. Kh1 Bf5 38.
Nxf5 Qxf5 39. Rg4 Qxe4 40. Rxe4 Rae8 0-1

[Event "*** Titled Tuesday Blitz"]
[Site "Chess.com"]
[Date "2021.03.09"]
[Round "5"]
[White "IMAghasiyevKamal"]
[Black "IsuruAlahakoon"]
[Result "1-0"]
[WhiteElo "2498"]
[BlackElo "2271"]
[TimeControl "180+1"]
[EndTime "10:58:43 PST"]
[Termination "IMAghasiyevKamal won by resignation"]

1. d4 d5 2. c4 Nc6 3. Nc3 Nf6 4. Bf4 dxc4 5. e3 Nd5 6. Bg3 Nxc3 7. bxc3 b5 8. a4 Ba6 9. Nf3 e6 10. Nd2 Bd6 11. axb5 Bxb5 12. Bxc4 Bxc4 13. Nxc4 Bxg3 14.
hxg3 O-O 15. O-O Qd5 16. Qe2 e5 17. e4 Qb5 18. Rfb1 Nxd4 19. cxd4 Qc6 20. Nxe5 Qd6 21. Qc4 Rad8 22. Rxa7 Qxd4 23. Qxd4 Rxd4 24. Rxc7 Rxe4 25. f4 g5 26. Ng4 Kg7 27. Nf2 Re3 28. Rc5 Rxg3 29.
Ne4 Rg4 30. Rxg5+ Rxg5 31. Nxg5 Kg6 32. Kf2 Rc8 33. g4 Rc2+ 34. Kg3 Rc3+ 35. Nf3 h5 36. Rb6+ f6 37. g5 h4+ 38. Kg4 h3 39. Rxf6+ Kg7 40.
Rh6 1-0

[Event "*** Titled Tuesday Blitz"]
[Site "Chess.com"]
[Date "2021.03.09"]
[Round "5"]
[White "Pantata007"]
[Black "pfalcon1949"]
[Result "1/2-1/2"]
[WhiteElo "2313"]
[BlackElo "2054"]
[TimeControl "180+1"]
[EndTime "10:58:44 PST"]
[Termination "Game drawn by repetition"]

1. d4 Nf6 2. c4 e6 3. Nc3 Bb4 4. e3 O-O 5. Ne2 d5 6. a3 Bd6 7. Ng3 c6 8. Be2 Nbd7 9. O-O dxc4 10. Bxc4 e5 11. Bb3 exd4 12. exd4 Nb6 13. Qd3 Nbd5 14. Bc2 g6 15. Bg5 Be6 16. Nge4 Be7 17. Bh6 Re8 18. h3 Nxe4 19. Nxe4 Bf5 20. Rfe1 Bxe4 21. Rxe4 Bf6 22. Rae1 Rxe4 23. Rxe4 Qd7 24. Bb3 Re8 25. Bxd5 cxd5 26.
Rxe8+ Qxe8 27. Bd2 Qe4 28. Qxe4 dxe4 29. Be3 Bg7 30. f3 exf3 31. gxf3 f5 32. Kf1 Kf7 33. Ke2 Ke6 34. Kd3 Kd5 35. Bf2 f4 36. b3 b5 37. Bg1 a5 38. Bf2 a4 39. b4 Bf8 40.
Bg1 Bd6 41. Bf2 h6 42. Bg1 g5 43.
Bf2 h5 44. Bg1 Bf8 45. Bf2 Bg7 46. Bg1 Bh6 47. Bf2 Bg7 48. Bg1 Bf6 49. Bf2 Be7 50. Bg1 Bd8 51. Bf2 Bc7 52. Bg1 Bb6 53.
Bf2 Bd8 54. Bg1 Bf6 55. Bf2 Bg7 1/2-1/2

[Event "*** Titled Tuesday Blitz"]
[Site "Chess.com"]
[Date "2021.03.09"]
[Round "5"]
[White "Anton_Demchenko"]
[Black "andriipalchuk"]
[Result "0-1"]
[WhiteElo "2867"]
[BlackElo "2575"]
[TimeControl "180+1"]
[EndTime "10:58:45 PST"]
[Termination "andriipalchuk won on time"]

1. e4 c6 2. d4 d5 3. Nd2 dxe4 4. Nxe4 Nf6 5. Nxf6+ exf6 6. Nf3 Bd6 7. Bd3 O-O 8.
O-O Re8 9. c3 Nd7 10. Re1 Nf8 11. Rxe8 Qxe8 12. Nd2 Ng6 13. Nc4 Bc7 14. g3 Be6 15. Ne3 Qd7 16. Qh5 Re8 17. Bd2 Nf8 18. a4 g6 19. Qf3 f5 20. b4 h5 21. a5 Nh7 22. Ng2 Bd5 23. Qd1 Nf6 24. f3 b5 25.
Bg5 Nh7 26. Bf4 Bxf4 27. Nxf4 Ng5 28. Nxd5 Qxd5 29. Kf2 f4 30. gxf4 Nh3+ 31. Kg3 Nxf4 32. Bf1 Qg5+ 33. Kf2 Qh4+ 34. Kg1 Re3 35. Qd2 Rxf3 36.
Re1 Kg7 37. Kh1 Rf2 0-1

[Event "*** Titled Tuesday Blitz"]
[Site "Chess.com"]
[Date "2021.03.09"]
[Round "5"]
[White "AurumO"]
[Black "Vandros57"]
[Result "1/2-1/2"]
[WhiteElo "1975"]
[BlackElo "2192"]
[TimeControl "180+1"]
[EndTime "10:58:45 PST"]
[Termination "Game drawn by agreement"]

1. e4 c5 2. c3 d5 3. exd5 Qxd5 4.
d4 Nf6 5. Nf3 Nc6 6. Na3 cxd4 7.
Nb5 Qd8 8. Nbxd4 Nxd4 9. Nxd4 a6 10. Be3 e6 11. Bd3 Be7 12. O-O O-O 13. Qe2 Nd5 14.
Rad1 Qc7 15. Bb1 Nxe3 16. Qxe3 e5 17. Nf5 Bxf5 18. Bxf5 Rad8 19. Qh3 g6 20. Bc2 f5 21. Bb3+ Kg7 22. Qe3 Bc5 23. Qe2 e4 24. h4 h5 25.
Qc4 Qe7 26. Qe6 Qxe6 27. Bxe6 Kf6 28. Bb3 b5 29. g3 Ke5 30. Kg2 a5 31. Rfe1 a4 32.
Bc2 a3 33. bxa3 Bxa3 34. f3 Rxd1 35. Bxd1 1/2-1/2

[Event "*** Titled Tuesday Blitz"]
[Site "Chess.com"]
[Date "2021.03.09"]
[Round "5"]
[White "BvsN"]
[Black "NefeLV"]
[Result "1-0"]
[WhiteElo "2309"]
[BlackElo "1831"]
[TimeControl "180+1"]
[EndTime "10:58:46 PST"]
[Termination "BvsN won on time"]

1. c4 g6 2. e4 Bg7 3. d4 c5 4. d5 d6 5. Nc3 Nf6 6. Nge2 O-O 7. f3 a6 8. a4 b6 9. Ng3 e6 10. Be2 e5 11. O-O Ne8 12. a5 f5 13. axb6 Qxb6 14.
Qc2 f4 15. Nh1 Nd7 16. Nf2 Ndf6 17. Na4 Qc7 18. Bd2 h6 19. b4 cxb4 20. Bxb4 g5 21. c5 a5 22. Ba3 Ba6 23. Rfc1 Bxe2 24. Qxe2 dxc5 25. Nxc5 Rf7 26. Ne6 Qd7 27. Rab1 h5 28.
Qb5 g4 29. Qxd7 Rxd7 30. Nd3 Nxd5 31. exd5 Rxd5 32. Ndc5 Bf8 33. Rd1 Nf6 34. Nxf8 Kxf8 35. Ne4+ Kf7 36. Nxf6 Rxd1+ 37. Rxd1 Kxf6 38. Kf2 Rc8 39.
Ke2 Rc2+ 40. Rd2 Rc3 41. Bb2 Rb3 42. Ba1 1-0

[Event "*** Titled Tuesday Blitz"]
[Site "Chess.com"]
[Date "2021.03.09"]
[Round "5"]
[White "MITerryble"]
[Black "VitaliyBernadskiy"]
[Result "0-1"]
[WhiteElo "2941"]
[BlackElo "2751"]
[TimeControl "180+1"]
[EndTime "10:58:47 PST"]
[Termination "VitaliyBernadskiy won on time"]

1. d4 Nf6 2. Bg5 Ne4 3. Bf4 d5 4. f3 Nd6 5. Nc3 c6 6. e4 e6 7. Qd2 Be7 8. Bd3 b5 9. Nge2 Nd7 10. e5 Nc4 11. Qc1 b4 12. Nd1 a5 13. Ne3 Ba6 14.
Nxc4 dxc4 15. Be4 Rc8 16. c3 Nb6 17. O-O O-O 18. Rd1 Nd5 19. Bg3 c5 20. Bf2 Bb7 21. dxc5 Bxc5 22. Nd4 Qe7 23. Bxd5 Bxd5 24. Nf5 Bxf2+ 25.
Kxf2 exf5 26. Rxd5 Rfd8 27. Rxd8+ Rxd8 28. Qf4 Qc5+ 29. Kg3 h6 30. h4 Rd3 31. Re1 bxc3 32.
bxc3 Qc8 33. Re3 Qd7 34. Rxd3 cxd3 35. Qd2 Qd5 36. Kf2 f4 37. a4 g5 38. h5 Qc5+ 39. Kf1 Qe3 40. Qxe3 fxe3 41. g3 f6 0-1

[Event "*** Titled Tuesday Blitz"]
[Site "Chess.com"]
[Date "2021.03.09"]
[Round "5"]
[White "jaskol95"]
[Black "Fraler15"]
[Result "0-1"]
[WhiteElo "2420"]
[BlackElo "2282"]
[TimeControl "180+1"]
[EndTime "10:58:47 PST"]
[Termination "Fraler15 won by checkmate"]

1. d4 Nf6 2. Bf4 e6 3. e3 d5 4. c3 Bd6 5. Bg3 O-O 6. Nf3 b6 7. Nbd2 Bb7 8. Bd3 c5 9. Ne5 Qc7 10. f4 Nbd7 11. O-O a6 12. Qf3 b5 13. Bh4 b4 14. Kh1 bxc3 15. bxc3 a5 16. Qh3 Ne4 17. Nxe4 dxe4 18. Bb5 Nxe5 19. fxe5 Be7 20. Bxe7 Qxe7 21. Rab1 Ba6 22. a4 Bxb5 23. Rxb5 cxd4 24. exd4 Rfb8 25.
Rfb1 Rxb5 26. axb5 a4 27. c4 a3 28. c5 Qd7 29.
Qb3 Qxd4 30. Rd1 Qxc5 31. b6 h6 32. h3 Rb8 33. b7 Qc7 34. Rb1 Kh7 35. Qxa3 Rxb7 36. Rf1 Qxe5 37. Qe3 Rd7 38. Re1 f5 39. h4 Qd4 40. Qg3 Qd6 41. Qh3 Qe5 42. h5 Qf4 43.
Qb3 Qh4+ 44. Kg1 Qxe1+ 45. Kh2 Rd1 46. Qxe6 Qh4# 0-1

[Event "*** Titled Tuesday Blitz"]
[Site "Chess.com"]
[Date "2021.03.09"]
[Round "5"]
[White "francyIM"]
[Black "ram1zan"]
[Result "0-1"]
[WhiteElo "2599"]
[BlackElo "2828"]
[TimeControl "180+1"]
[EndTime "10:58:48 PST"]
[Termination "ram1zan won by resignation"]

1. d4 d5 2. c4 e6 3. Nc3 c5 4. Nf3 Nc6 5. cxd5 exd5 6. g3 Nf6 7. Bg2 cxd4 8. Nxd4 Bc5 9. Nb3 Bb6 10. O-O d4 11.
Na4 O-O 12. Bg5 Re8 13. Rc1 Bg4 14. Re1 h6 15. Bxf6 Qxf6 16. Nxb6 axb6 17. a3 d3 18. Qxd3 Qxb2 19. Bxc6 bxc6 20. Rxc6 Rxe2 21. Rb1 Bh3 22.
Rcc1 Qe5 23. Nd4 Qd5 24. Qf3 Qxf3 25. Nxf3 Rxa3 26. Nd4 Rd2 27. Nb5 Rf3 28. Rd1 Rfxf2 29. Rxd2 Rxd2 30. Nc3 Rg2+ 31. Kh1 Rc2 32. Nd5 Bg2+ 0-1

[Event "*** Titled Tuesday Blitz"]
[Site "Chess.com"]
[Date "2021.03.09"]
[Round "5"]
[White "ckgchess"]
[Black "Aradhya2000"]
[Result "0-1"]
[WhiteElo "2752"]
[BlackElo "2548"]
[TimeControl "180+1"]
[EndTime "10:58:48 PST"]
[Termination "Aradhya2000 won on time"]

1. d4 d5 2. c4 c6 3. Nc3 Nf6 4. Nf3 dxc4 5. e4 Bg4 6. Bxc4 Bxf3 7. gxf3 e6 8. Be3 Nbd7 9. Qd2 Nb6 10. Bd3 g6 11.
O-O-O Bg7 12. Kb1 O-O 13. h4 Nh5 14. Ne2 f5 15. Bg5 Qd7 16. exf5 exf5 17. Bc2 Nd5 18. Ng3 Nxg3 19. fxg3 Qd6 20. h5 Qxg3 21.
hxg6 hxg6 22. Rdg1 Qd6 23. Bh6 Rf7 24. Rg2 Re8 25. Rhg1 Rf6 26. Bg5 Rfe6 27. Bh4 Kf7 28. Bxf5 Re2 29. Rxe2 Rxe2 30. Qxe2 gxf5 31. Qg2 Qh6 32. Bg5 Qh7 33. Qg3 f4+ 0-1

[Event "*** Titled Tuesday Blitz"]
[Site "Chess.com"]
[Date "2021.03.09"]
[Round "5"]
[White "ehrenfeld"]
[Black "Agoking701"]
[Result "1-0"]
[WhiteElo "2514"]
[BlackElo "2355"]
[TimeControl "180+1"]
[EndTime "10:58:48 PST"]
[Termination "ehrenfeld won on time"]

1. e4 c6 2. d4 d5 3. exd5 cxd5 4.
Bd3 Nc6 5. c3 g6 6. Nf3 Bf5 7. O-O e6 8. Re1 Bd6 9. Bf1 Nge7 10.
Bh6 Qc7 11. Nbd2 Bg4 12. Qa4 Nf5 13. Bg5 Bxf3 14. Nxf3 O-O 15. Bd3 Be7 16. Bxe7 Nfxe7 17. Qd1 Rab8 18. Qe2 Rfc8 19. h4 Qf4 20. g3 Qg4 21.
Kg2 Nf5 22. Rh1 h5 23. Qd2 Kg7 24. Rh3 Nfxd4 25. Nh2 Nf3 26. Nxf3 e5 27. Be2 Qe6 28. Rhh1 Rd8 29. Rhe1 f5 30. Bb5 e4 31. Nd4 Nxd4 32. Qxd4+ Qf6 33. Qxf6+ Kxf6 34. Rad1 a6 35. Bf1 Ke5 36. Rd4 Rbc8 37. Red1 b5 38. a3 Rc5 39. f3 Rd6 40. Kf2 1-0

[Event "*** Titled Tuesday Blitz"]
[Site "Chess.com"]
[Date "2021.03.09"]
[Round "5"]
[White "KetiGrant"]
[Black "starplatinum2030"]
[Result "0-1"]
[WhiteElo "2336"]
[BlackElo "2203"]
[TimeControl "180+1"]
[EndTime "10:58:48 PST"]
[Termination "starplatinum2030 won on time"]

1. e4 c5 2. Nf3 e6 3. d4 cxd4 4. Nxd4 Nc6 5. Nc3 Qc7 6. Be3 Nf6 7. Qd2 a6 8. O-O-O Bb4 9. f3 d5 10. a3 Bxc3 11. Qxc3 dxe4 12. Nxc6 Qxc6 13. Qxc6+ bxc6 14. Bc5 exf3 15. gxf3 Nd7 16. Bd6 Bb7 17. Rg1 g6 18. Bd3 O-O-O 19. Be4 Nb6 20. Bc5 Kc7 21. b3 Nc8 22.
Bd4 Rhe8 23. Be5+ Kb6 24. c4 c5 25. b4 Bxe4 26. fxe4 Kc6 27. Kc2 Nb6 28. Kb3 f5 29. Bc3 fxe4 30. Rxd8 Rxd8 31. Re1 Rd6 32. Rxe4 Nd7 33.
Rf4 e5 34. Rf7 h5 35. Re7 Rd3 0-1

[Event "*** Titled Tuesday Blitz"]
[Site "Chess.com"]
[Date "2021.03.09"]
[Round "5"]
[White "dozer80"]
[Black "CarrotsandPizza"]
[Result "1-0"]
[WhiteElo "2589"]
[BlackElo "2403"]
[TimeControl "180+1"]
[EndTime "10:58:49 PST"]
[Termination "dozer80 won by checkmate"]

1. e4 c5 2. Nf3 Qb6 3. Nc3 Nc6 4. g3 e6 5. Bg2 a6 6. O-O d6 7. b3 Nf6 8. Bb2 Be7 9. d4 cxd4 10. Na4 Qc7 11. Nxd4 Bd7 12. Nc3 b5 13. Re1 Rc8 14.
a4 b4 15. Nce2 O-O 16. Rc1 Rfd8 17. h3 Ne5 18. f4 Nc6 19. Kh2 d5 20. e5 Ne4 21. Nxc6 Bxc6 22. Nd4 Bb7 23. Qg4 g6 24. f5 exf5 25. Nxf5 Nc3 26. e6 fxe6 27. Rxe6 Bf8 28. h4 Qf7 29. Rf1 Qd7 30. h5 Rc6 31. Rxc6 Qxc6 32.
Nd4 Qd7 33. Ne6 Re8 34. hxg6 Rxe6 35. gxh7+ Kxh7 36. Qf5+ Kh6 37. Qxf8+ Qg7 38. Bc1+ Kg6 39. Qf5# 1-0

[Event "*** Titled Tuesday Blitz"]
[Site "Chess.com"]
[Date "2021.03.09"]
[Round "5"]
[White "maximnovik"]
[Black "Dave_ChessMate"]
[Result "1-0"]
[WhiteElo "2548"]
[BlackElo "2402"]
[TimeControl "180+1"]
[EndTime "10:58:49 PST"]
[Termination "maximnovik won by checkmate"]

1. d4 d5 2. c4 e6 3. Nc3 Nf6 4. cxd5 Nxd5 5. e4 Nxc3 6. bxc3 c5 7. Rb1 cxd4 8. cxd4 Nc6 9. Nf3 Bb4+ 10. Bd2 Bxd2+ 11.
Qxd2 O-O 12. Bb5 Ne7 13. O-O a6 14. Bd3 b5 15. Rfc1 Bb7 16. Qe3 Rc8 17. h4 Rxc1+ 18.
Rxc1 Qb6 19. h5 Rc8 20. Rxc8+ Nxc8 21. h6 g6 22. Qg5 Qd6 23. Ne5 Qe7 24. Qf4 Nd6 25.
Ng4 f5 26. exf5 exf5 27. Ne3 Be4 28. Bxe4 Nxe4 29. Nd5 Qd6 30. Qe5 Qxe5 31. dxe5 Kf7 32.
f3 Nc5 33. Nf6 g5 34. Nxh7 Kg6 35. Nxg5 Kxh6 36. e6 Nb7 37. e7 Nd6 38. Nf7+ Nxf7 39. e8=Q Ng5 40. Qc6+ Kh5 41. Qxa6 b4 42. Qb5 f4 43. Qxb4 Ne6 44. Qe4 Kh4 45. Qxe6 Kg3 46. Qg4# 1-0

[Event "*** Titled Tuesday Blitz"]
[Site "Chess.com"]
[Date "2021.03.09"]
[Round "5"]
[White "Gulkov_Igor"]
[Black "Dyadya81"]
[Result "0-1"]
[WhiteElo "2526"]
[BlackElo "2727"]
[TimeControl "180+1"]
[EndTime "10:58:50 PST"]
[Termination "Dyadya81 won on time"]

1. Nf3 d5 2. d4 Nc6 3. Bf4 Bg4 4. e3 e6 5. c4 Bb4+ 6. Nc3 Nf6 7. Rc1 O-O 8. Bd3 dxc4 9. Bxc4 Nd5 10. Bg3 Nxc3 11.
bxc3 Bd6 12. O-O Bxg3 13. hxg3 e5 14. Qc2 Qd6 15. Bb5 Bxf3 16. gxf3 Ne7 17. Qe4 exd4 18. cxd4 c6 19. Bc4 Rae8 20. Qc2 g6 21. Kg2 Kg7 22. Bb3 Nf5 23. Qc5 Qb8 24. f4 h5 25. Rh1 h4 26.
g4 Nxe3+ 27. fxe3 Rxe3 28. Rcf1 Rg3+ 29. Kh2 Re8 30. Rf2 Ree3 31. Rg1 Rh3+ 32. Kg2 Qe8 0-1

[Event "*** Titled Tuesday Blitz"]
[Site "Chess.com"]
[Date "2021.03.09"]
[Round "5"]
[White "Fortitudine"]
[Black "jannat65"]
[Result "0-1"]
[WhiteElo "2297"]
[BlackElo "1965"]
[TimeControl "180+1"]
[EndTime "10:58:51 PST"]
[Termination "jannat65 won by checkmate"]

1. c4 c6 2. Nf3 d5 3. b3 Nf6 4. g3 Bf5 5. Bg2 e6 6. O-O Be7 7. Bb2 O-O 8. d3 Nbd7 9. Nc3 a6 10. Rc1 Rc8 11. Qc2 b5 12. cxd5 cxd5 13. Qb1 Qb6 14. Qa1 Rc7 15. Nd1 Rfc8 16. Ne3 Bg6 17.
Rxc7 Rxc7 18. Rc1 Rxc1+ 19. Qxc1 Bc5 20. Nd1 h6 21. h3 Nh5 22. g4 Nhf6 23. Bf1 a5 24. e3 a4 25. Bd4 axb3 26. axb3 Bxd4 27. Nxd4 Nc5 28. Qc2 e5 29. Nf3 e4 30. Ne1 d4 31.
dxe4 Bxe4 32. Qb2 Ne6 33. exd4 b4 34. Ne3 Nxd4 35. Bc4 Bb7 36. Qd2 Ne4 37. Qd3 Qf6 38. Nf5 Nxf5 39. gxf5 Qxf5 40. f3 Qc5+ 41. Kg2 Qf2+ 42.
Kh1 Ng3# 0-1

[Event "*** Titled Tuesday Blitz"]
[Site "Chess.com"]
[Date "2021.03.09"]
[Round "5"]
[White "vugarrasulov"]
[Black "FairChess_on_YouTube"]
[Result "0-1"]
[WhiteElo "2854"]
[BlackElo "2977"]
[TimeControl "180+1"]
[EndTime "10:58:52 PST"]
[Termination "FairChess_on_YouTube won on time"]

1. Nf3 b6 2. e4 Bb7 3. Nc3 e6 4. d4 Bb4 5. Bd3 Nf6 6. Qe2 d5 7.
exd5 Nxd5 8. Bd2 O-O 9. O-O Nxc3 10. bxc3 Be7 11. Ne5 Nd7 12. f4 c5 13. Be3 Rc8 14.
a4 Nf6 15. a5 bxa5 16. Rfb1 cxd4 17. cxd4 Bb4 18. c4 Be4 19. Bf2 Bxd3 20. Qxd3 Qc7 21.
Be1 Bxe1 22. Rxe1 Rfd8 23. Red1 Nd7 24. Nxd7 Rxd7 25. c5 Qxf4 26. Rxa5 g6 27. g3 Qc7 28. Rda1 Rcd8 29. Rxa7 Qxa7 30. Rxa7 Rxa7 31. Qb5 Ra2 32. c6 Rc2 33. Qb7 Kg7 34. Qd7 Ra8 0-1